 Dungeon Sprint DCSS version 0.22.1-1-ga44c0e56f4 (webtiles) character file.

251 MuseOD the Covert (level 5, 0/28 (30) HPs)
             Began as a Spriggan Enchanter on Sept 23, 2018.
             Slain by a necrophage (5 damage)
             ... in the Dungeon (Sprint II: "The Violet Keep of Menkaure").
             The game lasted 00:00:19 (46 turns).

MuseOD the Covert (Spriggan Enchanter)                Turns: 46, Time: 00:00:19

HP:   0/28 (30)     AC:  2    Str:  4    XL:     5   Next: 88%
MP:   10/10         EV: 18    Int: 17    God:
Gold: 0             SH:  0    Dex: 17    Spells: 8/9 levels left

rFire    . . .     SeeInvis +   a - +1 dagger
rCold    . . .     Gourm    .   (shield restricted)
rNeg     . . .     Faith    .   b - +0 robe
rPois    .         Spirit   .   (helmet restricted)
rElec    .         Reflect  .   (no cloak)
rCorr    .         Harm     .   (gloves unavailable)
MR       .....     NoTele   +   (boots unavailable)
Stlth    +++++.....             (no amulet)
HPRegen  0.00/turn              (no ring)
MPRegen  0.12/turn              (no ring)

@: berserk cooldown, non-regenerating, diseased, hasted and slowed, very quick
A: very small, unfitting armour, see invisible, herbivore, speed 3, slow
metabolism 2
a: no special abilities


You were in the Dungeon.
You were not hungry.

You visited 1 branch

Inventory:

Hand Weapons
 a - a +1 dagger (weapon)
Armour
 b - a +0 robe (worn)
Scrolls
 j - a scroll of blinking
Potions
 e - a potion of curing
 h - 2 potions of magic
Comestibles
 d - a ration


   Skills:
 + Level 4.9 Fighting
 * Level 9.5 Short Blades
 - Level 3.0 Dodging
 + Level 10.4 Stealth
 - Level 2.6 Spellcasting
 - Level 3.6 Hexes


You had 8 spell levels left.
You knew the following spells:

 Your Spells              Type           Power        Failure   Level  Hunger
a - Corona                Hex            ##.....      4%          1    #......

Your spell library contained the following spells:

 Spells                   Type           Power        Failure   Level  Hunger
 Confuse                  Hex            ##......     12%         3    ###....
 Tukima's Dance           Hex            ##......     12%         3    ###....
 Ensorcelled Hibernation  Hex/Ice        #.....       13%         2    ##.....
 Dazzling Spray           Conj/Hex       #.....       26%         3    ###....


Dungeon Overview and Level Annotations

Branches:
Dungeon (1/1)

Altars:


Innate Abilities, Weirdness & Mutations

You are very small and have problems with some larger weapons.
You are too small for most types of armour.
You have supernaturally acute eyesight. (SInv)
You are a herbivore.
You cover ground extremely quickly.
You need to consume almost no food.


Message History

You closely miss the necrophage.
The necrophage is heavily damaged.
You hit the necrophage.
The necrophage is severely damaged.
The necrophage hits you.
You feel ill.
You feel your flesh rotting away!
You hit the necrophage but do no damage.
The necrophage is severely damaged.
The necrophage hits you.
* * * LOW HITPOINT WARNING * * *
You hit the necrophage but do no damage.
The necrophage is severely damaged.
You hit the necrophage but do no damage.
The necrophage is severely damaged.
The necrophage misses you.
You closely miss the necrophage.
The necrophage is severely damaged.
You hit the necrophage but do no damage.
The necrophage is severely damaged.
The necrophage hits you.
You die...

## ## H#
#. $#H #
#+# .##
##.##.w.#
+.<.+#
##@##.w$#
#n# .##
.#. # ..
.. ##.
.## ## ##


You could see a necrophage.

Vanquished Creatures
  3 necrophages (D)
3 creatures vanquished.

Notes
Turn   | Place    | Note
-------+----------+-------------------------------------------
     0 | D        | MuseOD the Spriggan Enchanter began the quest for the Orb.
     0 | D        | Reached XP level 1. HP: 9/9 MP: 5/5
     1 | D        | Noticed a tyrant leech
     1 | D        | Noticed a tyrant leech
     4 | D        | Noticed a hippogriff
     4 | D        | Noticed a hippogriff
     8 | D        | Noticed a necrophage
     8 | D        | Noticed a necrophage
     8 | D        | Noticed a necrophage
     8 | D        | Noticed a necrophage
    13 | D        | Killed a necrophage
    13 | D        | Reached skill level 7 in Stealth
    13 | D        | Reached XP level 2. HP: 9/16 MP: 6/6
    13 | D        | Reached XP level 3. HP: 12/20 MP: 8/8
    13 | D        | Reached XP level 4. HP: 14/24 MP: 9/9
    19 | D        | Killed a necrophage
    19 | D        | Reached skill level 9 in Stealth
    19 | D        | Reached XP level 5. HP: 13/29 MP: 10/10
    23 | D        | Killed a necrophage
    23 | D        | Reached skill level 10 in Stealth
    46 | D        | Slain by a necrophage

Skill      XL: |  1  2  3  4  5 |
---------------+----------------+-----
Fighting       | 3 4 |  4.9
Short Blades   | 6 8 9 |  9.5
Stealth        | 7 9 10 | 10.4
Dodging        | |  3.0
Spellcasting   | |  2.6
Hexes          | |  3.6

Action                   |  1- 3 |  4- 6 || total
-------------------------+-------+-------++-------
Melee: Dagger            |     4 |    30 ||    34
  Use: Potion            |     1 |     2 ||     3
Armor: Robe              |       |     1 ||     1
Dodge: Dodged            |       |     8 ||     8
